 Dungeon Crawl Stone Soup version 0.22.1-1-ga44c0e5 (webtiles) character file.

193 Irenicus the Chopper (level 5, 0/46 HPs)
             Began as a Deep Dwarf Monk on Oct 6, 2018.
             Killed by divine providence
             ... invoked by an orc priest
              (10 damage)
             ... on level 4 of the Dungeon.
             The game lasted 00:07:43 (1433 turns).

Irenicus the Chopper (Deep Dwarf Monk)              Turns: 1433, Time: 00:07:44

Health: 0/46       AC:  5    Str: 14    XL:     5   Next: 43%
Magic:  4/4        EV: 13    Int: 11    God:
Gold:   228        SH:  0    Dex: 16    Spells: 4/4 levels left

rFire    . . .     SeeInvis .   a - +0 hand axe
rCold    . . .     Gourm    .   (no shield)
rNeg     . . .     Faith    .   k - +0 leather armour (curse)
rPois    .         Spirit   .   f - +1 helmet
rElec    .         Reflect  .   (no cloak)
rCorr    .         Harm     .   (no gloves)
MR       .....                  (no boots)
Stlth    ++........             (no amulet)
HPRegen  0.00/turn              l - +1 ring of slaying
MPRegen  0.09/turn              (no ring)

@: non-regenerating
A: damage resistance, heal wounds, sense surroundings 1, no regeneration
a: Heal Wounds


You were on level 4 of the Dungeon.
You were not hungry.

You visited 1 branch of the dungeon, and saw 4 of its levels.

You collected 228 gold pieces.

Inventory:

Hand Weapons
 a - a +0 hand axe (weapon)
Armour
 f - a +1 helmet (worn)
   (You took it off Robin on level 2 of the Dungeon)
 k - a cursed +0 leather armour (worn)
   (You found it on level 3 of the Dungeon)
Jewellery
 l - a +1 ring of slaying (left hand)
   (You found it on level 3 of the Dungeon)
Scrolls
 b - a scroll of noise {unknown}
 d - 2 scrolls of teleportation
 e - 2 scrolls of identify
 g - a scroll of amnesia {unknown}
Potions
 h - a potion of agility
 i - 4 potions of curing
 j - a potion of heal wounds
Comestibles
 c - 6 rations


   Skills:
 - Level 2.6 Fighting
 + Level 6.8 Axes
 - Level 3.2 Dodging
 - Level 2.4 Stealth


You had 4 spell levels left.
You didn't know any spells.
Your spell library was empty.

Dungeon Overview and Level Annotations

Branches:
Dungeon (4/15)
 Temple: D:4-7

Altars:


Innate Abilities, Weirdness & Mutations

You are resistant to damage.
You can heal yourself by infusing magical energy.
You passively map a small area around you.
You do not regenerate.


Message History

You see here a club.
You see here a scroll labeled GUEH KULEIJO.
b - a scroll labeled GUEH KULEIJO
Found a stone staircase leading down.
A bat comes into view.
There is a stone staircase leading down here.
The bat hits you but does no damage. The bat misses you.
The bat hits you but does no damage. The bat completely misses you.
You see here a potion of curing.
i - 4 potions of curing (gained 1)
The bat misses you.
You closely miss the bat. The bat misses you.
The bat hits you but does no damage.
You hit the bat but do no damage. The bat hits you. The bat misses you.
The bat closely misses you.
You hit the bat but do no damage. The bat barely misses you.
The bat hits you but does no damage.
You hit the bat.
You kill the bat!
A hobgoblin comes into view.
Found two stone staircases leading up.
Found a stone staircase leading down.
A jackal comes into view.
The jackal barks!
You hear a bark!
A jackal comes into view.
The jackal moves out of view.
The jackal barely misses you.
You slash the jackal!
You kill the jackal!
A jackal comes into view.
The jackal barely misses you.
You hit the jackal. The jackal bites you.
* * * LOW HITPOINT WARNING * * *
The jackal completely misses you.
You take 2 damage, and have 11/46 hp.
You closely miss the jackal.
The jackal bites you but does no damage.
You hit the jackal.
You kill the jackal!
The jackal misses you.
You see here a jackal corpse.
The jackal closely misses you. The jackal barely misses you.
The jackal closely misses you.
You see here a jackal corpse.
You hit the jackal.
You kill the jackal!
You see here a jackal corpse.
You butcher the jackal corpse.
Things that are here:
3 chunks of flesh {@w0}; a jackal skeleton Eating one of 3 chunks of flesh {@w0}.
You eat one of the 3 chunks of flesh {@w0}.
You are feeling hungry.
Eating one of 2 chunks of flesh {@w0}.
You eat one of the 2 chunks of flesh {@w0}.
You see here 12 gold pieces.
You now have 228 gold pieces (gained 12).
You found a shaft!
You see here a scroll of identify.
e - 2 scrolls of identify (gained 1)
An ooze comes into view.
The hobgoblin barely misses you.
You slash the hobgoblin!
You kill the hobgoblin!
You see here a knobbly golden ring.
l - a knobbly golden ring Put on which piece of jewellery? (? for menu, Esc to quit)
l - a +1 ring of slaying (left hand)
A kobold comes into view. It is wielding a whip.
Why would you want to do that?
You enter the shallow water.
Moving in this stuff is going to be slow.
The kobold shouts!
The kobold hits you but does no damage.
You hit the kobold but do no damage. You hit the plant but do no damage.
You hit the plant. You hit the plant but do no damage.
The kobold barely misses you. The kobold closely misses you.
You hit the kobold but do no damage. You hit the plant but do no damage.
The kobold hits you with a whip.
* * * LOW HITPOINT WARNING * * *
You take 1 damage, and have 10/46 hp.
You hit the kobold. You hit the plant. The kobold hits you but does no damage.
You slash the kobold!
You kill the kobold!
You hit the plant.
Things that are here:
a whip; a kobold corpse
There is a stone staircase leading down here.
You climb downwards.
Found a stone staircase leading down.
There is a stone staircase leading up here.
There is a stone staircase leading down here.
An orc priest comes into view. It is wielding a flail.
The orc priest shouts!
You hear a bark!
The orc priest mumbles some strange prayers to Beogh against you.
Beogh smites you!
You die...

* , * *
..... * ,
* .#.. , ,
, ,... , *
#.o* * * *
..## , * ,
, ..# *, ,
, #.# * *
* *
###@###
,*#
*#.>...# ,
,
#.##.###.#
* #..<.#
... , *
####.#*
,### #...
, * #####*


You could see an orc priest.

Vanquished Creatures
  A hound (D:2)
  Jessica (D:2)
  A worker ant (D:2)
  Robin (D:2)
  An adder (D:2)
  An ooze (D:1)
  A worm (D:2)
  A dart slug (D:1)
  A leopard gecko (D:1)
  2 giant cockroaches (D:1)
  18 goblins
  13 hobgoblins
  9 jackals
  8 kobolds
  4 bats
  3 frilled lizards
  13 rats
79 creatures vanquished.

Notes
Turn   | Place    | Note
-------+----------+-------------------------------------------
     0 | D:1      | Irenicus the Deep Dwarf Monk began the quest for the Orb.
     0 | D:1      | Reached XP level 1. HP: 20/20 MP: 1/1
    80 | D:1      | Reached XP level 2. HP: 24/27 MP: 2/2
    84 | D:1      | Reached skill level 4 in Axes
   186 | D:1      | Reached XP level 3. HP: 13/33 MP: 3/3
   246 | D:1      | HP: 8/33 [jackal (1)]
   385 | D:1      | Reached skill level 5 in Axes
   558 | D:2      | Noticed Robin
   572 | D:2      | Reached XP level 4. HP: 16/40 MP: 4/4
   587 | D:2      | Killed Robin
   637 | D:2      | HP: 9/40 [hobgoblin/club (4)]
   715 | D:2      | Noticed Jessica
   723 | D:2      | HP: 7/40 [Jessica/club (2)]
   743 | D:2      | Killed Jessica
   743 | D:2      | Reached skill level 6 in Axes
   799 | D:2      | HP: 10/40 [hound (1)]
   812 | D:2      | Reached XP level 5. HP: 26/46 MP: 4/4
  1299 | D:3      | HP: 11/46 [jackal (2)]
  1393 | D:3      | HP: 10/46 [kobold/whip (1)]
  1433 | D:4      | Killed from afar by an orc priest

Skill      XL: |  1  2  3  4 |
---------------+-------------+-----
Axes           | 4 5 6 |  6.8
Fighting       | |  2.6
Dodging        | |  3.2
Stealth        | |  2.4

Action                   |  1- 3 |  4- 6 || total
-------------------------+-------+-------++-------
Melee: Hand axe          |   162 |   113 ||   275
 Abil: Heal Wounds       |     1 |     2 ||     3
  Use: Potion            |     2 |     1 ||     3
       Scroll            |       |     3 ||     3
 Stab: Sleeping          |       |     3 ||     3
  Eat: Chunk             |       |     2 ||     2
Armor: Robe              |    19 |    12 ||    31
       Leather armour    |       |     8 ||     8
Dodge: Dodged            |   119 |    66 ||   185

Vault maps used:
D:1:      evilmike_arrival_rings, minmay_pentomino_t2
D:2:      uniq_robin, uniq_jessica
D:3:      first_ration, serial_bayou_lagoon_a, st_stairs_6,
          kennysheep_generic_room_8
D:4:      minmay_hedge_maze

Table legend:
 A = Turns spent in this place as a percentage of turns spent in the entire game.
 B = Non-inter-level travel turns spent in this place as a percentage of non-inter-level travel turns spent in the entire game.
 C = Inter-level travel turns spent in this place as a percentage of turns spent in this place.
 D = Turns resting spent in this place as a percentage of non-inter-level travel turns spent in this place.
 E = Turns spent auto-exploring this place as a percentage of non-inter-level travel turns spent in this place.
 F = Non-inter-level travel turns spent in this place divided by the number of levels of this place that you've seen.
                   A       B       C       D       E      F
               +-------+-------+-------+-------+-------+----------------------
         Total | 100.0 | 100.0 |   1.3 |   0.0 |   1.4 | 353.5
       Dungeon | 100.0 | 100.0 |   1.3 |   0.0 |   1.4 | 353.5
               +-------+-------+-------+-------+-------+----------------------

Table legend:
 A = Kills in this place as a percentage of kills in entire the game.
 B = Kills by you in this place as a percentage of kills by you in the entire game.
 C = Kills by friends in this place as a percentage of kills by friends in the entire game.
 D = Other kills in this place as a percentage of other kills in the entire game.
 E = Experience gained in this place as a percentage of experience gained in the entire game.
 F = Experience gained in this place divided by the number of levels of this place that you have seen.
                   A       B       C       D       E      F
               +-------+-------+-------+-------+-------+----------------------
         Total | 100.0 | 100.0 |   N/A |   N/A | 100.0 |  69.0
       Dungeon | 100.0 | 100.0 |   N/A |   N/A | 100.0 |  69.0
               +-------+-------+-------+-------+-------+----------------------
